cohdb
Replays
Latest Replays
All Replays
Popular Replays
Top Player Replays
Match Explorer
How It Works
Community
CoH3 Stats
Reddit
Sign in to upload your games and track your stats! →
Sign in with Steam
Match 27594544
Unlisted
Match 27594544
Overview
Messages
Build Orders
End
Construct Barracks
Selects Armored Battlegroup
Selects Veteran Crews
Riflemen Squad
M1 Mortar Team
Riflemen Squad
Riflemen Squad
Mechanized Support Center
Construct Weapon Support Center
M16 Multiple Gun Motor Carriage
Selects Fast Deploy
M1918 Browning Automatic Rifles
Designate Forward Repair Station
Riflemen Squad
Engineer Squad
Friendly Mouse(Poxie)
Ghandalf (NL)
neurotypical cattle
S1L
Yoshiii
IBORN
セイサユキ_公式チャン
IchiroToresu
0
0
Comments
sign in to comment!
No comments posted yet!